 Dungeon Crawl Stone Soup version 0.21.1-1-g345015f (webtiles) character file.

4171 vatarom the Fighter (level 10, -2/81 HPs)
             Began as a Gnoll Wanderer on May 25, 2018.
             Slain by an eight-headed hydra (12 damage)
             ... on level 11 of the Dungeon.
             The game lasted 00:22:23 (7954 turns).

vatarom the Fighter (Gnoll Wanderer)                Turns: 7954, Time: 00:22:24

Health: -2/81      AC: 15    Str: 18 (20) XL:     10   Next: 28%
Magic:  17/17      EV: 12    Int: 15 (16) God:
Gold:   657        SH:  0    Dex: 11 (14) Spells: 11/19 levels left

rFire    . . .     SeeInvis +   b - +0 battleaxe
rCold    . . .     Gourm    .   (shield currently unavailable)
rNeg     . . .     Faith    .   w - +6 scale mail of the Elephant {MR++ Str+3}
rPois    .         Spirit   .   g - +2 hat
rElec    .         Reflect  .   (no cloak)
rCorr    .         Harm     .   (no gloves)
MR       +++..                  (no boots)
Stlth    +.........             u - amulet of regeneration
HPRegen  0.63/turn              r - ring of protection from magic
MPRegen  0.15/turn              o - ring of see invisible

@: no status effects
A: distributed training, fangs 1, strong nose
a: no special abilities


You were on level 11 of the Dungeon.
You were completely stuffed.

You visited 3 branches of the dungeon, and saw 12 of its levels.

You collected 657 gold pieces.

Inventory:

Hand Weapons
 a - a +2 shortbow
 b - a +0 battleaxe (weapon)
Missiles
 d - 68 arrows
 v - 3 curare-tipped needles
 E - 5 tomahawks (quivered)
 G - 2 silver tomahawks
Armour
 g - a +2 hat (worn)
 i - a +0 leather armour
 w - the +6 scale mail of the Elephant (worn) {MR++ Str+3}
   (You found it on level 4 of the Dungeon)

   It affects your strength (+3).
   It affects your resistance to hostile enchantments.
Jewellery
 j - an uncursed ring of protection from fire
 o - a ring of see invisible (right hand)
 r - a ring of protection from magic (left hand)
 u - an amulet of regeneration (around neck)
 y - a cursed ring of teleportation {unknown}
Wands
 c - a wand of acid (16)
 A - a wand of random effects (27)
Scrolls
 l - 3 scrolls of holy word {unknown}
 n - 2 scrolls of blinking
 q - 5 scrolls of remove curse
 s - 3 scrolls of identify
 z - 3 scrolls of fog {unknown}
 C - a scroll of amnesia {unknown}
Potions
 h - 2 potions of ambrosia
 k - 5 potions of curing
 p - a potion of resistance
 x - a potion of cancellation
Books
 t - a book of Necromancy

   Spells                             Type                      Level
   a - Pain                           Necromancy                   1
   b - Animate Skeleton               Necromancy                   1
   c - Vampiric Draining              Necromancy                   3
   d - Regeneration                   Charms/Necromancy            3
   e - Animate Dead                   Necromancy                   4
   f - Borgnjor's Vile Clutch         Necromancy/Earth             5
 B - a book of Callings

   Spells                             Type                      Level
   a - Summon Small Mammal            Summoning                    1
   b - Call Imp                       Summoning                    2
   c - Call Canine Familiar           Summoning                    3
   d - Summon Guardian Golem          Hexes/Summoning              3
   e - Summon Lightning Spire         Summoning/Air                4
   f - Summon Ice Beast               Ice/Summoning                4
 F - a book of Conjurations

   Spells                             Type                      Level
   a - Magic Dart                     Conjuration                  1
   b - Searing Ray                    Conjuration                  2
   c - Dazzling Spray                 Conjuration/Hexes            3
   d - Fulminant Prism                Conjuration/Hexes            4
   e - Force Lance                    Conjuration/Translocation    4
   f - Iskenderun's Mystic Blast      Conjuration                  4
Comestibles
 f - 10 rations


   Skills:
 + Level 8.3 Fighting
 + Level 5.0 Short Blades
 + Level 5.0 Long Blades
 + Level 5.0 Axes
 + Level 5.0 Maces & Flails
 + Level 5.0 Polearms
 + Level 5.0 Staves
 + Level 5.0 Slings
 + Level 6.9 Bows
 + Level 5.0 Crossbows
 + Level 5.7 Throwing
 + Level 5.0 Armour
 + Level 5.0 Dodging
 + Level 5.0 Stealth
 + Level 5.0 Shields
 + Level 5.0 Unarmed Combat
 + Level 5.0 Spellcasting
 + Level 4.1 Conjurations
 + Level 4.1 Hexes
 + Level 4.1 Charms
 + Level 4.1 Summonings
 + Level 4.7 Necromancy
 + Level 4.1 Translocations
 + Level 5.7 Transmutations
 + Level 4.1 Fire Magic
 + Level 4.1 Ice Magic
 + Level 4.1 Air Magic
 + Level 4.1 Earth Magic
 + Level 4.1 Poison Magic
 + Level 5.5 Invocations
 + Level 5.7 Evocations


You had 11 spell levels left.
You knew the following spells:

 Your Spells              Type           Power        Failure   Level  Hunger
a - Animate Skeleton      Necr           N/A          7%          1    None
b - Regeneration          Chrm/Necr      ###.......   24%         3    ###....
L - Summon Lightning Spi  Summ/Air       ###.....     65%         4    ####...


Dungeon Overview and Level Annotations

Branches:
Dungeon (9/15)             Temple (1/1) D:6            Lair (1/6) D:8
    Orc: D:9-12

Altars:
Ashenzari
Cheibriados
Dithmenos
Elyvilon
Fedhas
Gozag
Hepliaklqana
Kikubaaqudgha
Nemelex Xobeh
Okawaru
Qazlal
Ru
Sif Muna
Trog
Uskayaw
Vehumet
Wu Jian
Xom
Yredelemnul
Zin
The Shining One

Shops:
D:5 %

Annotations:
D:5 exclusion: statue
Lair:1 olivier's ghost, novice DrFi


Innate Abilities, Weirdness & Mutations

Your experience applies equally to all skills.
You have very sharp teeth.
Your uncanny sense of smell can sniff out nearby items.


Message History

Found a stone staircase leading up.
A black bear comes into view.
The black bear growls angrily.
You hear a horrible gurgling sound!
The purple ugly thing headbutts you!
* * * LOW HITPOINT WARNING * * *
The orc warrior throws a tomahawk.
The tomahawk hits you!
* * * LOW HITPOINT WARNING * * *
You see here a tomahawk.
The purple ugly thing headbutts you but does no damage.
The bullfrog swells and bulges.
An eight-headed hydra comes into view.
The eight-headed hydra roars!
The orc warrior throws a tomahawk.
The tomahawk closely misses you.
An orc priest and an orc wizard come into view.
The orc priest shouts!
The eight-headed hydra bites you.
* * * LOW HITPOINT WARNING * * *
The eight-headed hydra closely misses you. x2
The eight-headed hydra bites you!
You die... #.#...... #oo# .8........ #o.# oo'........

#.. #..# .o8.#...... #..#
#..# #... ##..# #..##...#
.?..>. #.....D.#
.....###...##@.#
...............(o.#
..#.#...##........# #
....##.......#F#uo# .##
..u.............oo# ....
.....#..#.#####oYo#######....
.......#..####....h#$........
...Y..........>..............
.uYD.....#......##((.........


You could see an eight-headed hydra, a purple ugly thing, 2 orc warriors, a
black bear, an ice beast, a bullfrog, 2 orc priests, an orc wizard and 4 orcs.

Vanquished Creatures
  The ghost of Zorot the Ruffian, a novice VSGl (D:6)
  Maurice (D:8)
  Sigmund (D:4)
  A spriggan (D:8)
  A wyvern (D:8)
  2 ice beasts
  An orc warrior (D:8)
  2 black bears (D:7)
  2 phantoms
  3 ogres
  A centaur (D:5)
  Blork the orc (D:4)
  3 bullfrogs
  4 scorpions
  4 killer bees (D:7)
  2 howler monkeys
  5 crimson imps
  A bullfrog zombie (D:7)
  5 hounds
  9 orc priests
  A centaur zombie (D:5)
  4 orc wizards
  6 iguanas
  Natasha (thrice) (D:2)
  3 worker ants
  A hound skeleton (D:2)
  A worker ant zombie (D:5)
  7 adders
  8 gnolls
  A howler monkey skeleton (D:4)
  A shadow imp (D:7)
  An adder skeleton (D:7)
  2 dart slugs (D:2)
  57 orcs
  4 bats
  10 giant cockroaches
  5 goblins
  7 hobgoblins
  6 jackals
  3 ball pythons
  2 frilled lizards
  5 kobolds
  A leopard gecko skeleton (D:7)
  10 rats
199 creatures vanquished.

Notes
Turn   | Place    | Note
-------+----------+-------------------------------------------
     0 | D:1      | vatarom the Gnoll Wanderer began the quest for the Orb.
     0 | D:1      | vatarom set off with: a +2 shortbow, 27 arrows, 2 potions of lignification, a +0 robe, a ration
     0 | D:1      | Reached XP level 1. HP: 23/23 MP: 2/2
    62 | D:1      | Reached XP level 2. HP: 29/29 MP: 3/3
   479 | D:1      | Reached XP level 3. HP: 35/35 MP: 4/4
   692 | D:2      | Found a snail-covered altar of Cheibriados.
   763 | D:2      | Found an ancient bone altar of Kikubaaqudgha.
   823 | D:2      | Reached skill level 1 in Invocations
   846 | D:2      | Reached skill level 1 in Short Blades
   846 | D:2      | Reached skill level 1 in Long Blades
   846 | D:2      | Reached skill level 1 in Axes
   846 | D:2      | Reached skill level 1 in Maces & Flails
   846 | D:2      | Reached skill level 1 in Polearms
   846 | D:2      | Reached skill level 1 in Staves
   846 | D:2      | Reached skill level 1 in Slings
   846 | D:2      | Reached skill level 1 in Crossbows
   846 | D:2      | Reached skill level 1 in Armour
   846 | D:2      | Reached skill level 1 in Dodging
   846 | D:2      | Reached skill level 1 in Stealth
   846 | D:2      | Reached skill level 1 in Shields
   846 | D:2      | Reached skill level 1 in Unarmed Combat
   846 | D:2      | Reached skill level 1 in Spellcasting
   984 | D:2      | Reached XP level 4. HP: 41/41 MP: 6/6
  1082 | D:2      | Noticed Natasha
  1085 | D:2      | Killed Natasha
  1085 | D:2      | Reached skill level 1 in Conjurations
  1085 | D:2      | Reached skill level 1 in Hexes
  1085 | D:2      | Reached skill level 1 in Charms
  1085 | D:2      | Reached skill level 1 in Summonings
  1085 | D:2      | Reached skill level 1 in Translocations
  1085 | D:2      | Reached skill level 1 in Fire Magic
  1085 | D:2      | Reached skill level 1 in Ice Magic
  1085 | D:2      | Reached skill level 1 in Air Magic
  1085 | D:2      | Reached skill level 1 in Earth Magic
  1085 | D:2      | Reached skill level 1 in Poison Magic
  1411 | D:2      | Noticed Natasha
  1415 | D:2      | Killed Natasha
  1415 | D:2      | Reached XP level 5. HP: 47/47 MP: 7/7
  1699 | D:2      | Found an ancient bone altar of Kikubaaqudgha.
  1894 | D:2      | Noticed Natasha
  1898 | D:2      | Killed Natasha
  2090 | D:3      | Learned a level 1 spell: Animate Skeleton
  2380 | D:3      | Found a sparkling altar of Nemelex Xobeh.
  2467 | D:4      | Noticed Blork the orc
  2474 | D:4      | Killed Blork the orc
  2474 | D:4      | Reached XP level 6. HP: 51/53 MP: 8/8
  2590 | D:4      | Reached skill level 5 in Bows
  2850 | D:4      | Got a jewelled scale mail
  2868 | D:4      | Identified the +6 scale mail of the Elephant {MR++ Str+3} (You found it on level 4 of the Dungeon)
  2919 | D:3      | You fall through a shaft for 3 floors!
  2919 | D:6      | Found an iron altar of Okawaru.
  2919 | D:6      | Noticed Zorot's ghost (novice VSGl)
  2971 | D:6      | Noticed an ice beast
  3034 | D:6      | Found a glowing drain.
  3044 | D:6      | Found a white marble altar of Elyvilon.
  3056 | D:5      | Entered Level 5 of the Dungeon
  3082 | D:5      | Found a blossoming altar of Fedhas.
  3085 | D:5      | Found Kyhuge's Food Boutique.
  3101 | D:5      | Found a sacrificial altar of Ru.
  3126 | D:5      | Reached XP level 7. HP: 46/59 MP: 10/10
  3179 | D:5      | Reached skill level 7 in Fighting
  3234 | D:5      | Found a hide-covered altar of Uskayaw.
  3456 | D:4      | Noticed Sigmund
  3464 | D:4      | Killed Sigmund
  3464 | D:4      | Reached XP level 8. HP: 60/67 MP: 10/12
  3805 | D:5      | Found a radiant altar of Vehumet.
  4055 | D:6      | Found an ornate altar of the Wu Jian Council.
  4148 | D:6      | Found a glowing silver altar of Zin.
  4245 | D:6      | Killed Zorot's ghost
  4245 | D:6      | Reached XP level 9. HP: 72/72 MP: 14/14
  4310 | D:6      | Reached skill level 5 in Transmutations
  4407 | D:6      | Found a staircase to the Ecumenical Temple.
  4435 | Temple   | Entered the Ecumenical Temple
  4961 | D:7      | Reached skill level 5 in Throwing
  4961 | D:7      | Reached skill level 5 in Evocations
  5036 | D:7      | Found a bloodstained altar of Trog.
  5346 | D:7      | Learned a level 4 spell: Summon Lightning Spire
  5393 | D:7      | Reached skill level 8 in Fighting
  6175 | D:8      | Found a staircase to the Lair.
  6188 | D:8      | Reached skill level 5 in Invocations
  6342 | D:8      | Learned a level 3 spell: Regeneration
  6387 | D:8      | Reached XP level 10. HP: 60/80 MP: 15/17
  6608 | D:8      | Noticed Maurice
  6615 | D:8      | Found a basalt altar of Yredelemnul.
  6632 | D:8      | Killed Maurice
  6894 | D:8      | Found a glowing golden altar of the Shining One.
  7173 | D:8      | Found a stormy altar of Qazlal.
  7183 | D:8      | Reached skill level 5 in Short Blades
  7183 | D:8      | Reached skill level 5 in Long Blades
  7183 | D:8      | Reached skill level 5 in Axes
  7183 | D:8      | Reached skill level 5 in Maces & Flails
  7183 | D:8      | Reached skill level 5 in Polearms
  7183 | D:8      | Reached skill level 5 in Staves
  7183 | D:8      | Reached skill level 5 in Slings
  7183 | D:8      | Reached skill level 5 in Crossbows
  7183 | D:8      | Reached skill level 5 in Armour
  7183 | D:8      | Reached skill level 5 in Dodging
  7183 | D:8      | Reached skill level 5 in Stealth
  7183 | D:8      | Reached skill level 5 in Shields
  7183 | D:8      | Reached skill level 5 in Unarmed Combat
  7183 | D:8      | Reached skill level 5 in Spellcasting
  7611 | Lair:1   | Entered Level 1 of the Lair of Beasts
  7629 | Lair:1   | Noticed olivier's ghost (novice DrFi)
  7907 | D:9      | You fall through a shaft for 2 floors!
  7909 | D:11     | Noticed a white ugly thing
  7920 | D:11     | Noticed a four-headed hydra
  7931 | D:11     | Noticed a white ugly thing
  7936 | D:11     | Noticed a white ugly thing
  7939 | D:11     | Noticed a purple ugly thing
  7952 | D:11     | Noticed an eight-headed hydra
  7954 | D:11     | Slain by an eight-headed hydra

Skill      XL: |  1  2  3  4  5  6  7  8  9 10 |
---------------+-------------------------------+-----
Necromancy     | 2 3 4 |  4.7
Invocations    | 1 2 3 4 5 |  5.5
Short Blades   | 1 2 3 4 5 |  5.0
Long Blades    | 1 2 3 4 5 |  5.0
Axes           | 1 2 3 4 5 |  5.0
Maces & Flails | 1 2 3 4 5 |  5.0
Polearms       | 1 2 3 4 5 |  5.0
Staves         | 1 2 3 4 5 |  5.0
Slings         | 1 2 3 4 5 |  5.0
Crossbows      | 1 2 3 4 5 |  5.0
Armour         | 1 2 3 4 5 |  5.0
Dodging        | 1 2 3 4 5 |  5.0
Stealth        | 1 2 3 4 5 |  5.0
Shields        | 1 2 3 4 5 |  5.0
Unarmed Combat | 1 2 3 4 5 |  5.0
Spellcasting   | 1 2 3 4 5 |  5.0
Conjurations   | 1 2 3 4 |  4.1
Hexes          | 1 2 3 4 |  4.1
Charms         | 1 2 3 4 |  4.1
Summonings     | 1 2 3 4 |  4.1
Translocations | 1 2 3 4 |  4.1
Fire Magic     | 1 2 3 4 |  4.1
Ice Magic      | 1 2 3 4 |  4.1
Air Magic      | 1 2 3 4 |  4.1
Earth Magic    | 1 2 3 4 |  4.1
Poison Magic   | 1 2 3 4 |  4.1
Throwing       | 3 4 5 |  5.7
Evocations     | 3 4 5 |  5.7
Transmutations | 4 5 |  5.7
Bows           | 5 6 |  6.9
Fighting       | 7 8 |  8.3

Action                   |  1- 3 |  4- 6 |  7- 9 | 10-12 || total
-------------------------+-------+-------+-------+-------++-------
Melee: Halberd           |       |    17 |   242 |    28 ||   287
       Bite              |       |     2 |    26 |     5 ||    33
       Shortbow          |       |       |     2 |       ||     2
       Battleaxe         |       |       |       |    18 ||    18
 Fire: Shortbow          |    78 |   125 |   178 |    91 ||   472
 Cast: Animate Skeleton  |       |       |     2 |       ||     2
Evoke: Wand              |       |       |       |     1 ||     1
  Use: Scroll            |       |     8 |     1 |     1 ||    10
       Potion            |       |       |     4 |     8 ||    12
  Eat: Chunk             |       |     3 |     7 |       ||    10
       Ration            |       |     1 |     1 |     4 ||     6
Armor: Leather armour    |     5 |    16 |       |       ||    21
       Scale mail        |       |    24 |   159 |    39 ||   222
       Skin              |       |       |    57 |     6 ||    63
Dodge: Dodged            |    12 |    38 |   204 |    62 ||   316
